 Dungeon Crawl Stone Soup version 0.30.0-17-ge0270778cf (webtiles) character file.

Game seed: 911088335664166107

475 sampeng1 the Chiller (level 7, 0/46 HPs)
             Began as a Human Ice Elementalist on May 21, 2023.
             Was an Initiate of Vehumet.
             Shot with an arrow by a centaur (2 damage)
             ... on level 5 of the Dungeon.
             The game lasted 00:23:59 (4312 turns).

sampeng1 the Chiller (Human Ice Elementalist)       Turns: 4312, Time: 00:24:00

Health: 0/46       AC: 11    Str:  8    XL:     7   Next: 32%
Magic:  7/12       EV: 13    Int: 18    God:    Vehumet [......]
Gold:   176        SH:  0    Dex: 13    Spells: 5/13 levels left

rFire   . . .        q - +0 long sword
rCold   . . .        (no shield)
rNeg    + . .        a - +1 robe
rPois   .            i - +1 hat
rElec   .            (no cloak)
rCorr   .            w - +0 pair of gloves
SInv    .            (no boots)
Will    .....        (no amulet)
Stlth   +++          e - ring of flight
HPRegen 0.27/turn    j - ring of positive energy
MPRegen 0.13/turn

%: no passive effects
@: ice-armoured, freezing walls, flying, very slightly contaminated
A: no striking features
a: Renounce Religion


You were on level 5 of the Dungeon.
You worshipped Vehumet.
Vehumet was noncommittal.
You visited 1 branch of the dungeon, and saw 5 of its levels.

You collected 176 gold pieces.

Inventory:

Hand Weapons
 c - a +0 short sword
 d - a +0 spear
 f - a +0 whip
 q - a +0 long sword (weapon)
Missiles
 g - 45 stones
 p - 8 poisoned darts (quivered)
 t - 5 javelins
Armour
 a - a +1 robe (worn)
 h - a +1 scale mail of fire resistance
 i - a +1 hat (worn)
 w - a +0 pair of gloves (worn)
Jewellery
 e - a ring of flight (left hand)
 j - a ring of positive energy (right hand)
 n - a ring of ice
Wands
 l - a wand of flame (22)
Scrolls
 k - 2 scrolls of teleportation
Potions
 m - a potion of haste {unknown}
 o - a potion of attraction
 s - a potion of curing {unknown}
 v - 3 potions of degeneration


   Skills:
 + Level 4.0 Dodging
 + Level 4.2 Stealth
 + Level 3.8 Spellcasting
 + Level 0.2 Conjurations
 + Level 5.3 Ice Magic


You had 5 spell levels left.
You knew the following spells:

 Your Spells              Type           Power      Damage    Failure   Level
a - Freeze                Ice            88%        1d9       1%          1
b - Frozen Ramparts       Ice            44%        1d7       4%          3
c - Ozocubu's Armour      Ice            22%        N/A       4%          3
d - Magic Dart            Conj           16%        1d3       14%         1

Your spell library contained the following spells:

 Spells                   Type           Power      Damage    Failure   Level
 Hailstorm                Conj/Ice       13%        3d5       14%         3
 Call Imp                 Summ           6%         N/A       22%         2
 Mephitic Cloud           Conj/Pois/Air  3%         N/A       41%         3
 Summon Ice Beast         Ice/Summ       13%        N/A       45%         4


Dungeon Overview and Level Annotations

Branches:
Dungeon (5/15)             Temple (0/1) D:4

Altars:
Trog
Vehumet


Message History

Press: ? - help, Dir - look around, f - activate The walls around you are covered in ice.
The wall freezes the centaur.
The wall freezes the howler monkey.
The howler monkey misses you.
The wall freezes the centaur.
The wall freezes the howler monkey.
The howler monkey hits you but does no damage.
Casting: Frozen Ramparts (dangerous; 5% risk of failure)
Confirm with . or Enter, or press ? or * to list all spells.
You don't have enough magic to cast this spell.
Unknown command.
Magic courses through your body.
The wall freezes the centaur.
The wall freezes the howler monkey.
The howler monkey hits you.
* * * LOW HITPOINT WARNING * * *
Casting: Frozen Ramparts (dangerous; 5% risk of failure)
Confirm with . or Enter, or press ? or * to list all spells.
A film of ice covers your body!
The wall freezes the centaur.
The wall freezes the howler monkey.
The howler monkey hits you.
* * * LOW HITPOINT WARNING * * *
The wall freezes the centaur.
Casting: Ozocubu's Armour (dangerous; 5% risk of failure)
Confirm with . or Enter, or press ? or * to list all spells.
Aiming: Freeze (safe; 1% risk of failure)
Press: ? - help, Shift-Dir - straight line, f - howler monkey
Aim: a howler monkey (almost dead)
You freeze the howler monkey!
You kill the howler monkey!
Vehumet accepts your kill.
The wall freezes the centaur.
The centaur shoots an arrow.
The arrow closely misses you.
Your Dodging skill increases to level 4!
Casting: Freeze (safe; 1% risk of failure)
Confirm with . or Enter, or press ? or * to list all spells.
Aiming: Magic Dart (safe; 14% risk of failure)
Press: ? - help, Shift-Dir - straight line, f - centaur
Aim: a centaur, wielding a +0 shortbow and quivering stones (severely wounded, 100% to hit)
You miscast Magic Dart.
You are very lightly contaminated with residual magic.
Nothing appears to happen.
The wall freezes the centaur.
The centaur shoots an arrow.
The arrow hits you.
You die...

...........†.# #.
....>........# #.
............# #.
............# #.
#.####.......# #.
#............# #.
#####........# #.
#.†c..###### #. #@##### #.
#.# #. #.# #.
#.###############.
#.#...............
###########.#.##############
#.....................#.[...
#.#########.#.#.#####.#.####
#.# #.#.#.# #.#.#


You could see a centaur.

Vanquished Creatures
  A black bear (D:5)
  An ogre (D:5)
  A howler monkey (D:5)
  A hound (D:4)
  An orc priest (D:5)
  2 sleepcaps
  An iguana (D:5)
  2 orc wizards (D:5)
  2 adders
  An ufetubus (D:4)
  3 dart slugs
  6 orcs
  3 bats
  6 endoplasms
  4 giant cockroaches
  A goblin (D:4)
  A hobgoblin (D:4)
  3 quokkas
  2 ball pythons
  A frilled lizard (D:2)
  7 kobolds
  4 rats (D:1)
54 creatures vanquished.

Notes
Turn   | Place    | Note
-------+----------+-------------------------------------------
     0 | D:1      | sampeng1 the Human Ice Elementalist began the quest for the
                  | Orb.
     0 | D:1      | Reached XP level 1. HP: 13/13 MP: 3/3
   260 | D:1      | Reached XP level 2. HP: 18/19 MP: 5/5
  1530 | D:2      | Reached XP level 3. HP: 23/24 MP: 6/6
  1725 | D:2      | Learned a level 3 spell: Frozen Ramparts
  3060 | D:4      | Reached XP level 4. HP: 20/30 MP: 3/7
  3251 | D:4      | Reached XP level 5. HP: 26/35 MP: 9/9
  3324 | D:4      | Found a bloodstained altar of Trog.
  3325 | D:4      | Found a radiant altar of Vehumet.
  3330 | D:4      | Became a worshipper of Vehumet
  3412 | D:4      | Found a staircase to the Ecumenical Temple.
  3859 | D:5      | Entered Level 5 of the Dungeon
  3945 | D:5      | Reached XP level 6. HP: 14/41 MP: 5/10
  4088 | D:5      | Noticed an ogre
  4098 | D:5      | Killed an ogre
  4099 | D:5      | Reached skill level 5 in Ice Magic
  4233 | D:5      | Noticed a black bear
  4244 | D:5      | Killed a black bear
  4245 | D:5      | Reached XP level 7. HP: 17/46 MP: 8/12
  4254 | D:5      | Learned a level 3 spell: Ozocubu's Armour
  4256 | D:5      | Learned a level 1 spell: Magic Dart
  4310 | D:5      | HP: 2/46 [howler monkey (6)]
  4312 | D:5      | Shot with an arrow by a centaur

Illustrated notes

Levels and vault maps discovered:
D:1:      onia_arrival_pyramid, layout_basic, nicolae_hexahallways
D:2:      layout_loops_ring
D:3:      layout_basic
D:4:      layout_basic, gammafunk_temple_overflow_statue,
          minmay_temple_entry_statues
D:5:      layout_basic

Skill      XL: |  1  2  3  4  5  6  7 |
---------------+----------------------+-----
Dodging        | 3 4 |  4.0
Stealth        | 3 4 |  4.2
Spellcasting   | 3 |  3.8
Ice Magic      | 5 |  5.3
Conjurations   | |  0.2

Action                     |  1- 3 |  4- 6 |  7- 9 || total
---------------------------+-------+-------+-------++-------
  Melee: Short sword       |    39 |       |       ||    39
         Spear             |     4 |       |       ||     4
         Long sword        |    24 |    30 |       ||    54
  Throw: Dart              |       |    11 |       ||    11
         Stone             |       |    10 |       ||    10
   Cast: Freeze            |    18 |    15 |     1 ||    34
         Frozen Ramparts   |     1 |     6 |     1 ||     8
         Magic Dart        |       |       |     5 ||     5
         Ozocubu's Armour  |       |       |     2 ||     2
    Use: Scroll            |     1 |     9 |     1 ||    11
         Potion            |       |     3 |     2 ||     5
   Stab: Sleeping          |     3 |     4 |       ||     7
 Armour: Robe              |    19 |    11 |     5 ||    35
  Dodge: Dodged            |    53 |    37 |     9 ||    99
